 Dungeon Crawl Stone Soup version 0.29-a0-380-gf50f0a9fbc (webtiles) character file.

Game seed: 9234221753869287074

3 ytrimaz the Skirmisher (level 1, 0/18 HPs)
             Began as a Demonspawn Fighter on May 5, 2022.
             Slain by a jackal (3 damage)
             ... on level 1 of the Dungeon.
             The game lasted 00:00:18 (29 turns).

ytrimaz the Skirmisher (Demonspawn Fighter)           Turns: 29, Time: 00:00:18

Health: 0/18       AC:  6    Str: 16    XL:     1   Next: 41%
Magic:  1/1        EV:  8    Int:  9    God:
Gold:   0          SH:  4    Dex: 12    Spells: 0/0 levels left

rFire   . . .      SeeInvis .   a - +0 rapier
rCold   . . .      Faith    .   c - +0 buckler
rNeg    . . .      Spirit   .   b - +0 scale mail
rPois   .          Reflect  .   (no helmet)
rElec   .          Harm     .   (no cloak)
rCorr   .          Rampage  .   (no gloves)
Will    .....                   (no boots)
Stlth   ..........              (no amulet)
HPRegen 0.06/turn               (no ring)
MPRegen 0.07/turn               (no ring)

@: mighty
A: no striking features
a: no special abilities


You were on level 1 of the Dungeon.
You visited 1 branch of the dungeon, and saw 1 of its levels.

Inventory:

Hand Weapons
 a - a +0 rapier (weapon)
Armour
 b - a +0 scale mail (worn)
 c - a +0 buckler (worn)


   Skills:
 + Level 3.0 Fighting
 + Level 1.7 Short Blades
 + Level 2.8 Armour
 + Level 2.7 Shields


You couldn't memorise any spells.
You didn't know any spells.
Your spell library was empty.

Dungeon Overview and Level Annotations

Branches:
Dungeon (1/15)

Altars:


Message History

You are too injured to fight recklessly!
You are too injured to fight recklessly!
You barely miss the jackal.
The jackal bites you but does no damage.
The hobgoblin hits you. The jackal barely misses you.
The jackal bites you but does no damage.
You are too injured to fight recklessly!
You closely miss the hobgoblin. The jackal barely misses you.
You block the hobgoblin's attack. The jackal barely misses you. x3
The hobgoblin barely misses you.
You hit the hobgoblin but do no damage. You block the jackal's attack.
The jackal bites you but does no damage.
The hobgoblin barely misses you.
You hit the hobgoblin.
The hobgoblin is heavily wounded.
You block the jackal's attack. x2; The jackal barely misses you.
The hobgoblin hits you but does no damage.
The jackal bites you but does no damage.
You closely miss the hobgoblin.
The hobgoblin is heavily wounded.
The jackal bites you but does no damage. x2
The hobgoblin hits you.
* * * LOW HITPOINT WARNING * * *
You closely miss the hobgoblin.
The hobgoblin is heavily wounded.
The jackal bites you but does no damage. x2
The hobgoblin closely misses you. The jackal closely misses you.
The jackal bites you but does no damage.
You hit the hobgoblin but do no damage.
The hobgoblin is heavily wounded.
The jackal bites you.
* * * LOW HITPOINT WARNING * * *
The jackal bites you but does no damage.
The hobgoblin barely misses you.
The jackal bites you but does no damage. x2
You feel very mighty all of a sudden. The hobgoblin barely misses you.
The jackal bites you but does no damage.
The jackal bites you.
You die...

#. #.#..# # #.#.?#
#.###.#..# .........
......... .......g###
.......h@.#### #####
.......h.....###..≈≈≈
.........8.......≈≈≈≈
...............8.≈.≈≈
...#.........[....≈≈≈
.. #...............≈≈
. ##...........≈≈.≈≈
#.........8.≈≈.≈≈
#..........≈≈≈≈≈≈


You could see 2 jackals and a hobgoblin.

Vanquished Creatures
  A jackal (D:1)
  A kobold (D:1)
  A rat (D:1)
3 creatures vanquished.

Notes
Turn   | Place    | Note
-------+----------+-------------------------------------------
     0 | D:1      | ytrimaz the Demonspawn Fighter began the quest for the Orb.
     0 | D:1      | Reached XP level 1. HP: 18/18 MP: 1/1
    29 | D:1      | Slain by a jackal

Illustrated notes

Levels and vault maps discovered:
D:1:      nicolae_arrival_washed_ashore, layout_loops_ring,
          ebering_ecumenical_altar_box

Action                   || total
-------------------------++-------
Melee: Rapier            ||    17
  Use: Potion            ||     1
Armor: Scale mail        ||    31
Dodge: Dodged            ||    25
Block: Buckler           ||     9

Table legend: (Time is in decaauts)
 A = Elapsed time spent in this place.
 B = Non-inter-level travel time spent in this place.
 C = Inter-level travel time spent in this place.
 D = Time resting spent in this place.
 E = Time spent auto-exploring this place.
 F = Levels seen in this place.
 G = Mean time per level.
                   A        B        C        D        E       F      G
               +--------+--------+--------+--------+--------+-----+--------+
         Total |     31 |     31 |      0 |      0 |      3 |   1 |   31.0 |
       Dungeon |     31 |     31 |      0 |      0 |      3 |   1 |   31.0 |
               +--------+--------+--------+--------+--------+-----+--------+

Top non-repeatable levels by time:
     D:1: 31 daAuts
